 Dungeon Crawl Stone Soup version 0.23.2-1-ga50397a6bc (webtiles) character file.

Game seed: 7713770970230908102

8421 Revguard the Cleaver (level 11, -6/97 HPs)
             Began as a Hill Orc Monk on Apr 24, 2019.
             Was a High Priest of Beogh.
             Mangled by Josephine
             ... wielding a +0 dagger of electrocution
              (12 damage)
             ... on level 10 of the Dungeon.
             The game lasted 00:38:06 (9301 turns).

Revguard the Cleaver (Hill Orc Monk)                Turns: 9301, Time: 00:38:08

Health: -6/97      AC: 18    Str: 18    XL:     11   Next: 30%
Magic:  18/18      EV: 13    Int: 10    God:    Beogh [*****.]
Gold:   897        SH:  0    Dex: 20    Spells: 10/10 levels left

rFire    . . .     SeeInvis .   A - +0 battleaxe
rCold    . . .     Gourm    .   (shield currently unavailable)
rNeg     . . .     Faith    .   r - +1 plate armour
rPois    .         Spirit   .   s - +0 helmet
rElec    .         Reflect  .   d - +0 cloak
rCorr    .         Harm     .   J - +0 pair of gloves
MR       .....                  (no boots)
Stlth    ..........             (no amulet)
HPRegen  0.26/turn              i - +5 ring of slaying
MPRegen  0.16/turn              D - +3 ring of slaying

@: confused, agile, lethally poisoned (-6 -> -58), slowed, drained, very slow
A: walk on water, claws 1, agile 1
a: Smiting, Recall Orcish Followers, Give Item to Named Follower, Renounce
Religion


You were on level 10 of the Dungeon.
You worshipped Beogh.
Beogh was extremely pleased with you.
You were not hungry.

You visited 1 branch of the dungeon, and saw 10 of its levels.

You collected 897 gold pieces.

Inventory:

Hand Weapons
 a - a +0 hand axe
 m - a +1 flail of crushing
 o - a +0 long sword of draining
 q - a +0 war axe
 u - a +0 long sword
 w - a +6 flail
 A - a +0 battleaxe (weapon)
 F - a +0 whip of flaming
 H - a cursed -2 morningstar
 P - a +0 great sword
Armour
 d - a +0 cloak (worn)
 l - a +0 scale mail
 r - a +1 plate armour (worn)
 s - a +0 helmet (worn)
 C - a +0 plate armour
 J - a +0 pair of gloves (worn)
 K - a +2 scale mail of cold resistance
 M - a +1 robe of the Archmagi
 R - a +3 ring mail of magic resistance
Magical Staves
 y - an uncursed staff of air
Jewellery
 b - an uncursed ring of resist corrosion
 i - a +5 ring of slaying (left hand)
 p - an uncursed ring of stealth
 B - an uncursed amulet of the acrobat
 D - a +3 ring of slaying (right hand)
 N - an uncursed ring of wizardry {unknown}
Wands
 g - a wand of polymorph (6)
 h - a wand of flame (46)
 j - a wand of iceblast (6)
 G - a wand of digging (6)
 Q - a wand of acid (9)
Scrolls
 k - a scroll of immolation {unknown}
 t - 2 scrolls of magic mapping
 E - a scroll of fog
 I - a scroll of teleportation
 L - a scroll of vulnerability {unknown}
 O - a scroll of remove curse
Potions
 n - 2 potions of degeneration
 v - a potion of haste
 x - a potion of ambrosia
 z - 2 potions of flight
Comestibles
 c - 21 rations


   Skills:
 + Level 9.0(8.3) Fighting
 + Level 14.4(13.6) Axes
 * Level 7.8(7.1) Armour
 + Level 4.4(3.8) Dodging
 - Level 1.5(1.0) Stealth
 * Level 9.4(8.7) Invocations
 + Level 0.8(0.3) Evocations


You had 10 spell levels left.
You didn't know any spells.
Your spell library contained the following spells:

 Spells                   Type           Power        Failure   Level  Hunger
 Corona                   Hex            #......      100%        1    ##.....
 Slow                     Hex            #.......     100%        2    ###....
 Inner Flame              Hex/Fire       #.......     100%        3    ####...
 Portal Projectile        Hex/Tloc       #.....       100%        3    ####...
 Cause Fear               Hex            #.........   100%        4    #####..
 Leda's Liquefaction      Hex/Erth       #.........   100%        4    #####..
 Irradiate                Conj/Tmut      #.........   100%        5    ######.
 Hydra Form               Tmut           #.........   100%        6    #######
 Statue Form              Tmut/Erth      #........    100%        6    #######
 Dragon Form              Tmut           #.........   100%        7    #######


Dungeon Overview and Level Annotations

Branches:
Dungeon (10/15)            Temple (0/1) D:4            Lair (0/6) D:8
    Orc (0/2) D:9

Altars:
Cheibriados
Elyvilon
Kikubaaqudgha
Makhleb
Nemelex Xobeh
Sif Muna
Trog
Vehumet

Shops:
D:9 *

Annotations:
D:10 Josephine, Sonja


Innate Abilities, Weirdness & Mutations

You can walk on water.
You have sharp fingernails.
You are agile. (Dex +2)


Message History

You feel as though you will be slow longer.
Josephine hits you but does no damage.
The wraith barely misses your orc warrior.
A wraith comes into view. x2
Your orc warrior hits Josephine with a +0 halberd!
Your ufetubus hits the wraith but does no damage. x2
Sonja casts a spell.
Sonja looks slightly unstable.
Are you sure you want to stumble around while confused and next to your ally Bogdan?
This could place you under penance! [Y]es or [N]o only, please.
Are you sure you want to stumble around while confused and next to your ally Bogdan?
This could place you under penance!
Okay, then.
It was a potion of agility.
You feel agile all of a sudden.
* * * LOW HITPOINT WARNING * * *
You feel extremely sick.
Your ufetubus completely misses the wraith.
Your ufetubus barely misses the wraith.
Josephine hits you but does no damage.
You are electrocuted!
You die...

#....#.##
#....†.# #W.W
#...K..###
#..###
###......#
#....
#.#.....###...
#.##..........
# #.#
#.....#.#.#.##
#.#
#..)..5##@#..#
#.
##....4o@oW).#
#####.##5##.#
##.#.# ....
#####


You could see Josephine, 3 wraiths, Sonja, a friendly ice devil, the friendly
Bogdan the orc sorcerer, a friendly orc warrior and 2 friendly ufetubi.

Vanquished Creatures
  Erolcha (D:10)
  A death yak (D:8)
  An unseen horror (D:10)
  A troll (D:10)
  A hornet (D:9)
  2 hippogriffs (D:9)
  A vampire (D:9)
  2 hungry ghosts
  A water moccasin (D:6)
  2 orc warriors
  2 sky beasts
  2 ice beasts (D:5)
  An eye of draining (D:9)
  2 phantoms
  A centaur (D:7)
  2 ogres
  5 bullfrogs
  2 scorpions
  4 howler monkeys
  6 crimson imps
  A quasit (D:7)
  An orc priest (D:7)
  4 hounds
  2 bullfrog zombies
  2 jellies
  2 centaur skeletons (D:5)
  2 orc wizards (D:7)
  4 iguanas
  A hell rat (D:8)
  6 worker ants
  3 ogre zombies (D:9)
  A hound skeleton (D:5)
  3 gnolls (D:9)
  14 adders
  2 shadow imps
  2 oozes
  An adder zombie (D:7)
  An adder skeleton (D:5)
  2 worms
  2 dart slugs
  8 leopard geckos
  21 orcs
  6 bats
  20 giant cockroaches
  14 goblins
  9 hobgoblins
  7 jackals
  7 quokkas
  3 ball pythons
  8 frilled lizards
  A goblin skeleton (D:9)
  3 goblin zombies (D:9)
  A hobgoblin zombie (D:9)
  A jackal skeleton (D:5)
  7 kobolds
  3 orc skeletons (D:9)
  7 orc zombies (D:9)
  2 quokka zombies
  8 rats
232 creatures vanquished.

Vanquished Creatures (collateral kills)
  2 death yaks (D:8)
  A two-headed ogre (D:8)
  Maurice (D:8)
  A hornet (D:9)
  A hungry ghost (D:9)
  2 soldier ants (D:9)
  A two-headed ogre zombie (D:9)
  2 phantoms
  A black bear (D:9)
  4 ogres
  3 bullfrogs
  A gnoll sergeant (D:9)
  3 killer bees (D:7)
  3 howler monkeys (D:7)
  2 crimson imps
  2 jellies
  A hell rat (D:8)
  A worker ant (D:9)
  4 ogre zombies (D:9)
  2 hound zombies
  A worker ant zombie (D:9)
  A river rat (D:8)
  An adder zombie (D:8)
  A leopard gecko (D:7)
  2 orcs
  2 jackals (D:8)
  A goblin skeleton (D:9)
  3 goblin zombies (D:9)
  A hobgoblin zombie (D:9)
  A leopard gecko skeleton (D:8)
  An orc skeleton (D:9)
  4 orc zombies (D:9)
57 creatures vanquished.

Vanquished Creatures (others)
  An orc knight (D:9)
  A human (D:9)
  2 orc wizards (D:8)
  2 orc priests
  A jackal (D:10)
  10 orcs
  A bat (D:3)
  A kobold (D:3)
19 creatures vanquished.

Grand Total: 308 creatures vanquished

Notes
Turn   | Place    | Note
-------+----------+-------------------------------------------
     0 | D:1      | Revguard the Hill Orc Monk began the quest for the Orb.
     0 | D:1      | Reached XP level 1. HP: 19/19 MP: 1/1
   114 | D:1      | Reached XP level 2. HP: 27/27 MP: 2/2
   483 | D:1      | Reached XP level 3. HP: 16/33 MP: 3/3
   880 | D:2      | Reached skill level 5 in Axes
   969 | D:2      | Reached XP level 4. HP: 23/40 MP: 4/4
  1055 | D:2      | Reached skill level 6 in Axes
  1058 | D:2      | Reached XP level 5. HP: 26/47 MP: 5/5
  1121 | D:2      | Gained mutation: You tend to lose your temper in combat.
                  | [potion of mutation]
  1121 | D:2      | Gained mutation: Your muscles are strong. (Str +2) [potion
                  | of mutation]
  1121 | D:2      | Gained mutation: Your mind is acute. (Int +2) [potion of
                  | mutation]
  1122 | D:2      | Lost mutation: Your mind is acute. (Int +2) [potion of
                  | mutation]
  1122 | D:2      | Lost mutation: Your muscles are strong. (Str +2) [potion of
                  | mutation]
  1122 | D:2      | Lost mutation: You tend to lose your temper in combat.
                  | [potion of mutation]
  1122 | D:2      | Gained mutation: You have sharp fingernails. [potion of
                  | mutation]
  1122 | D:2      | Gained mutation: You are agile. (Dex +2) [potion of
                  | mutation]
  1126 | D:2      | Found a snail-covered altar of Cheibriados.
  1425 | D:3      | Became a worshipper of Beogh the Brigand
  1425 | D:3      | Reached * piety under Beogh
  1425 | D:3      | Reached ** piety under Beogh
  1657 | D:3      | Reached skill level 1 in Invocations
  1988 | D:4      | Reached XP level 6. HP: 49/53 MP: 6/6
  2108 | D:4      | Reached skill level 7 in Axes
  2113 | D:4      | Found a staircase to the Ecumenical Temple.
  2524 | D:4      | Found a burning altar of Makhleb.
  2882 | D:5      | Entered Level 5 of the Dungeon
  2954 | D:5      | Noticed an ice beast
  2964 | D:5      | Killed an ice beast
  2964 | D:5      | Reached *** piety under Beogh
  2964 | D:5      | Reached skill level 5 in Fighting
  2964 | D:5      | Reached XP level 7. HP: 61/61 MP: 8/8
  2997 | D:5      | Reached skill level 8 in Axes
  3492 | D:5      | Reached skill level 9 in Axes
  3504 | D:5      | Reached XP level 8. HP: 29/69 MP: 10/10
  4395 | D:6      | Reached skill level 10 in Axes
  4395 | D:6      | Reached skill level 1 in Armour
  4547 | D:6      | Found an ancient bone altar of Kikubaaqudgha.
  5299 | D:7      | Found a radiant altar of Vehumet.
  5323 | D:7      | Reached skill level 5 in Invocations
  5479 | D:7      | Reached XP level 9. HP: 78/78 MP: 12/12
  5499 | D:7      | Found a sparkling altar of Nemelex Xobeh.
  5577 | D:7      | Reached skill level 11 in Axes
  5659 | D:7      | Gained Bogdan as an ally
  5678 | D:7      | Reached **** piety under Beogh
  5870 | D:7      | Found a radiant altar of Vehumet.
  5931 | D:7      | Found a white marble altar of Elyvilon.
  6507 | D:8      | Noticed a death yak
  6507 | D:8      | Noticed a death yak
  6508 | D:8      | Noticed a death yak
  6517 | D:8      | Killed a death yak
  6517 | D:8      | Reached skill level 12 in Axes
  6522 | D:8      | Killed a death yak
  6522 | D:8      | Reached skill level 5 in Armour
  6522 | D:8      | Reached XP level 10. HP: 36/88 MP: 5/15
  6525 | D:8      | Killed a death yak
  6528 | D:8      | Killed Maurice
  6800 | D:8      | Found a staircase to the Lair.
  6842 | D:8      | Reached skill level 13 in Axes
  7233 | D:8      | Noticed a two-headed ogre
  7242 | D:8      | Killed a two-headed ogre
  7453 | D:9      | Found a deep blue altar of Sif Muna.
  7540 | D:9      | Found a staircase to the Orcish Mines.
  7591 | D:9      | Found an ancient bone altar of Kikubaaqudgha.
  7699 | D:9      | Found Wiwauq's General Store.
  7807 | D:9      | Found a bloodstained altar of Trog.
  7887 | D:9      | Reached ***** piety under Beogh
  7935 | D:9      | Reached skill level 14 in Axes
  7935 | D:9      | Reached XP level 11. HP: 51/95 MP: 10/17
  8589 | D:10     | Entered Level 10 of the Dungeon
  8701 | D:10     | Noticed Erolcha
  8709 | D:10     | Killed Erolcha
  9001 | D:10     | Killed an unseen horror
  9292 | D:10     | Noticed Sonja
  9292 | D:10     | Noticed Josephine
  9301 | D:10     | Mangled by Josephine

Skill      XL: |  1  2  3  4  5  6  7  8  9 10 11 |
---------------+----------------------------------+-----
Fighting       | 4 5 6 7 8 9 |  9.0
Axes           | 5 6 7 9 10 12 14 | 14.4
Dodging        | 3 4 |  4.4
Invocations    | 1 2 3 5 7 8 9 |  9.4
Armour         | 2 5 6 7 |  7.8
Stealth        | |  1.5
Evocations     | |  0.8

Action                   |  1- 3 |  4- 6 |  7- 9 | 10-12 || total
-------------------------+-------+-------+-------+-------++-------
Melee: Hand axe          |   120 |   114 |       |       ||   234
       War axe           |       |    32 |   180 |       ||   212
       Battleaxe         |       |       |    39 |   120 ||   159
Invok: Convert to Beogh  |       |     1 |       |       ||     1
       Smiting           |       |     1 |     3 |       ||     4
       Recall Orcish Fol |       |       |     2 |     3 ||     5
       Give Item to Name |       |       |       |     1 ||     1
Evoke: Wand              |       |       |       |     1 ||     1
  Use: Potion            |     1 |     5 |     4 |     3 ||    13
       Scroll            |       |     8 |     5 |     3 ||    16
 Stab: Sleeping          |     5 |     4 |     2 |       ||    11
       Distracted        |       |     1 |     1 |     1 ||     3
  Eat: Chunk             |       |     6 |     8 |    10 ||    24
       Ration            |       |       |     1 |     1 ||     2
Armor: Robe              |    37 |    41 |    22 |       ||   100
       Skin              |       |     2 |       |       ||     2
       Plate armour      |       |       |    73 |   110 ||   183
Dodge: Dodged            |   109 |   103 |    93 |    49 ||   354
